 Dungeon Crawl Stone Soup version 0.26.1-10-gdfb7c7de75 (webtiles) character file.

Game seed: 16402572084657191867

1551 Sweeb the Twirler (level 8, -11/63 HPs)
             Began as a Demonspawn Gladiator on Mar 31, 2021.
             Was an Initiate of Makhleb.
             Mangled by an orc warrior
             ... wielding a +0 halberd
              (19 damage)
             ... on level 7 of the Dungeon.
             The game lasted 00:08:29 (5775 turns).

Sweeb the Twirler (Demonspawn Gladiator)            Turns: 5775, Time: 00:08:30

Health: -11/63     AC: 16    Str: 14    XL:     8   Next: 57%
Magic:  8/8        EV: 13    Int: 10    God:    Makhleb [......]
Gold:   359        SH:  0    Dex: 17    Spells: 7/7 levels left

rFire    + . .     SeeInvis .   a - +2 quarterstaff
rCold    + . .     Faith    .   (shield currently unavailable)
rNeg     . . .     Spirit   .   e - +1 ring mail
rPois    .         Reflect  .   z - +2 helmet
rElec    .         Harm     .   (no cloak)
rCorr    .         Rampage  .   (no gloves)
Will     .....                  o - +0 pair of boots
Stlth    +.........             (no amulet)
HPRegen  0.20/turn              t - ring of protection from fire
MPRegen  0.11/turn              (no ring)

@: sanguine armour
A: claws 1, cold resistance 1, powered by death 2, sanguine armour 1
a: Renounce Religion


You were on level 7 of the Dungeon.
You worshipped Makhleb.
Makhleb was noncommittal.
You visited 2 branches of the dungeon, and saw 8 of its levels.

You collected 359 gold pieces.

Inventory:

Hand Weapons
 a - a +2 quarterstaff (weapon)
Missiles
 d - 2 throwing nets (quivered)
Armour
 e - a +1 ring mail (worn)
 k - a +2 kite shield
 o - a +0 pair of boots (worn)
 z - a +2 helmet (worn)
Jewellery
 t - a ring of protection from fire (left claw)
Wands
 s - a wand of acid (11)
 w - a wand of polymorph (7)
Scrolls
 f - a scroll of magic mapping
 l - 2 scrolls of enchant armour
 m - a scroll of amnesia
 n - a scroll of immolation
 x - a scroll of fog
 y - a scroll of enchant weapon
Potions
 c - a potion of resistance
 g - 2 potions of flight
 i - a potion of degeneration {unknown}
 j - a potion of curing {unknown}
 p - a potion of ambrosia
 q - a potion of haste {unknown}
 r - 2 potions of attraction


   Skills:
 + Level 5.4 Fighting
 - Level 5.5 Staves
 - Level 1.7 Throwing
 - Level 4.4 Dodging
 * Level 4.0 Shields
 * Level 4.3 Unarmed Combat


You had 7 spell levels left.
You didn't know any spells.
Your spell library contained the following spells:

 Spells                   Type           Power        Failure   Level
 Corona                   Hex            0%           61%         1
 Slow                     Hex            0%           75%         2
 Inner Flame              Hex/Fire       0%           93%         3
 Portal Projectile        Hex/Tloc       0%           93%         3
 Cause Fear               Hex            0%           100%        4
 Leda's Liquefaction      Hex/Erth       0%           100%        4


Dungeon Overview and Level Annotations

Branches:
Dungeon (7/15)             Temple (1/1) D:5

Altars:
Ashenzari
Cheibriados
Dithmenos
Elyvilon
Fedhas
Gozag
Hepliaklqana
Kikubaaqudgha
Makhleb
Nemelex Xobeh
Okawaru
Ru
Sif Muna
Trog
Uskayaw
Vehumet
Wu Jian
Xom
Yredelemnul
Zin
The Shining One

Annotations:
D:7 Harold


Innate Abilities, Weirdness & Mutations

You have sharp fingernails.
Your flesh is cold resistant. (rC+)
You regenerate health from kills.
When seriously injured, your bleeding wounds create armour. (AC +6)


Message History

The orc warrior hits you with a +0 halberd.
You closely miss the orc warrior.
The orc warrior is moderately wounded.
The orc warrior closely misses you.
You hit the orc warrior but do no damage.
The orc warrior is moderately wounded.
You thump the orc warrior!
The orc warrior is heavily wounded.
The orc warrior closely misses you.
Your ring mail prevents you from hitting the orc warrior.
The orc warrior is heavily wounded.
The orc warrior barely misses you.
You hit the orc warrior.
The orc warrior is heavily wounded.
The orc warrior hits you with a +0 halberd!!
* * * LOW HITPOINT WARNING * * *
You barely miss the orc warrior.
The orc warrior is heavily wounded.
The orc warrior hits you with a +0 halberd!!
You die...

#.# #.# #.# #.# #.# #.#
#.#####
##############.#...####
#..............@o.....(o
#.############.#...####.
##.### #...#### )....#
#.....# ##.#.# ##...##
#.# #...### ##.## #.#
#.....# #.# ... #
#(....# #.# ###.# #
#.._..# ##+## #.... #


You could see an orc warrior.

Vanquished Creatures
  An ice beast (D:7)
  A sky beast (D:5)
  3 ogres
  An orc warrior (D:6)
  2 centaurs (D:6)
  A bullfrog (D:6)
  A scorpion (D:4)
  2 howler monkeys (D:4)
  A bullfrog zombie (D:5)
  A hound (D:2)
  An orc priest (D:7)
  A bullfrog skeleton (D:6)
  A centaur skeleton (D:4)
  3 orc wizards
  3 iguanas
  4 worker ants
  2 hound skeletons (D:6)
  A worker ant zombie (D:6)
  7 adders
  3 gnolls (D:2)
  An ooze (D:3)
  An adder skeleton (D:4)
  An adder zombie (D:7)
  3 worms
  A dart slug (D:1)
  3 leopard geckos
  11 orcs
  11 bats
  8 giant cockroaches
  8 goblins
  13 hobgoblins
  3 jackals (D:5)
  5 quokkas
  2 ball pythons (D:3)
  A ball python zombie (D:5)
  7 frilled lizards
  14 kobolds
  A leopard gecko skeleton (D:4)
  10 rats
144 creatures vanquished.

Vanquished Creatures (others)
  A wizard (D:5)
1 creature vanquished.

Grand Total: 145 creatures vanquished

Notes
Turn   | Place    | Note
-------+----------+-------------------------------------------
     0 | D:1      | Sweeb the Demonspawn Gladiator began the quest for the Orb.
     0 | D:1      | Reached XP level 1. HP: 16/16 MP: 1/1
   161 | D:1      | Gained mutation: You regenerate a little health from kills.
                  | [demonic ancestry]
   161 | D:1      | Reached XP level 2. HP: 20/22 MP: 2/2
   425 | D:1      | Gained mutation: Your flesh is cold resistant. (rC+)
                  | [demonic ancestry]
   425 | D:1      | Reached XP level 3. HP: 27/28 MP: 3/3
   793 | D:2      | Found a faded altar of an unknown god.
  1332 | D:2      | Gained mutation: You regenerate health from kills. [demonic
                  | ancestry]
  1332 | D:2      | Reached XP level 4. HP: 32/34 MP: 4/4
  1666 | D:2      | Found a basalt altar of Yredelemnul.
  1694 | D:2      | Reached XP level 5. HP: 41/41 MP: 5/5
  1837 | D:2      | Found a sparkling altar of Nemelex Xobeh.
  2077 | D:3      | Found a blossoming altar of Fedhas.
  2109 | D:3      | Found a shimmering altar of Xom.
  2879 | D:4      | Reached XP level 6. HP: 44/47 MP: 6/6
  2909 | D:4      | Reached skill level 5 in Staves
  3405 | D:4      | Gained mutation: You have sharp fingernails. [demonic
                  | ancestry]
  3405 | D:4      | Reached XP level 7. HP: 36/54 MP: 7/7
  3688 | D:5      | Entered Level 5 of the Dungeon
  3723 | D:5      | Reached skill level 1 in Unarmed Combat
  3985 | D:5      | Found a bloodstained altar of Trog.
  4153 | D:5      | Reached skill level 1 in Shields
  4285 | D:5      | Found a bloodstained altar of Trog.
  4286 | D:5      | Noticed a wizard
  4292 | D:5      | Killed a wizard
  4307 | D:5      | Found a staircase to the Ecumenical Temple.
  4321 | Temple   | Entered the Ecumenical Temple
  4406 | Temple   | Became a worshipper of Makhleb the Destroyer
  4723 | D:6      | Gained mutation: When seriously injured, your bleeding
                  | wounds create armour. (AC +6) [demonic ancestry]
  4723 | D:6      | Reached XP level 8. HP: 60/61 MP: 8/8
  4808 | D:6      | Reached skill level 5 in Fighting
  5213 | D:6      | Found a radiant altar of Vehumet.
  5247 | D:6      | Found a snail-covered altar of Cheibriados.
  5455 | D:7      | Noticed Harold
  5488 | D:7      | Found a shimmering blue altar of Sif Muna.
  5775 | D:7      | Mangled by an orc warrior

Illustrated notes

Levels and vault maps discovered:
D:1:      minmay_arrival_shattered_statue, layout_basic, chequers_mini_garden,
          chequers_serial_rivers_room_a
D:2:      layout_loops_ring, overflow_temple_1_default, general_overflow_altar,
          chequers_ecumenical_altar_simple
D:3:      layout_basic, xom_butterflies, fedhas_altar_2
D:4:      layout_loops_ring
D:5:      layout_basic, nicolae_overflow_crystal_walls,
          minmay_temple_entry_hall, trog_wizard
D:6:      layout_gridville, fiery_altar_vehumet, cheibrodos_worm_habitat,
          tgw_sif
D:7:      layout_loops_corners, basic_altar, uniq_harold
Temple:   zaba_magenta_temple

Skill      XL: |  1  2  3  4  5  6  7  8 |
---------------+-------------------------+-----
Staves         | 3 4 5 |  5.5
Dodging        | 3 4 |  4.4
Fighting       | 3 4 5 |  5.4
Unarmed Combat | 3 4 |  4.3
Shields        | 2 4 |  4.0
Throwing       | |  1.7

Action                   |  1- 3 |  4- 6 |  7- 9 || total
-------------------------+-------+-------+-------++-------
Melee: Quarterstaff      |   120 |   244 |   179 ||   543
Throw: Throwing net      |       |       |     1 ||     1
  Use: Scroll            |       |     9 |     8 ||    17
       Potion            |       |       |     1 ||     1
Armor: Ring mail         |    51 |    93 |    65 ||   209
       Leather armour    |     1 |       |       ||     1
Dodge: Dodged            |    84 |   172 |   120 ||   376
